3324 views
Uploaded 2020-07-13 17:20:17
Game version 1.32.6 / 1.32.7
16:23 long 3on3 ladder game on (6)Monsoon_LV
Saved by koz
3324 views
Uploaded 2020-07-13 17:20:17
Game version 1.32.6 / 1.32.7
16:23 long 3on3 ladder game on (6)Monsoon_LV


77 units @ 10.7k
/ 1.4k
38 buildings @ 6.5k
/ 2.3k


| Healing Salve | 2 | 200 |
| Lesser Clarity Potion | 1 | 70 |
| Scroll of Town Portal | 2 | 700 |
| total: | 5 | 970g |
| Peon | 9 | 675 | / | 0 |
| Troll Headhunter | 11 | 1540 | / | 220 |
| Troll Batrider | 5 | 800 | / | 200 |
| Troll Berserker | 2 | 280 | / | 40 |
| total: | 27 | 3295g | / | 460w |
| Watch Tower | 1 | 110 | / | 80 |
| Altar of Storms | 1 | 180 | / | 50 |
| Orc Burrow | 5 | 800 | / | 200 |
| Barracks | 1 | 180 | / | 50 |
| War Mill | 1 | 205 | / | 0 |
| Voodoo Lounge | 1 | 130 | / | 30 |
| Great Hall | 1 | 385 | / | 185 |
| Beastiary | 2 | 290 | / | 280 |
| Stronghold | 1 | 315 | / | 190 |
| Fortress | 1 | 325 | / | 190 |
| total: | 13 | 2280g | / | 875w |
| 0:08 | Peon |
| 0:08 | Peon |
| 0:08 | Peon |
| 0:13 | Altar of Storms |
| 0:28 | Orc Burrow |
| 0:48 | Barracks |
| 1:01 | Peon |
| 1:01 | Peon |
| 1:22 | War Mill |
| 1:31 | Peon |
| 1:32 | Peon |
| 1:54 | Orc Burrow |
| 2:10 | Voodoo Lounge |
| 2:15 | Peon |
| 2:17 | Peon |
| 2:23 | War Stomp |
| 2:46 | Troll Headhunter |
| 2:48 | Troll Headhunter |
| 3:04 | Orc Burrow |
| 3:08 | Spiked Barricades |
| 3:18 | Troll Headhunter |
| 3:48 | Stronghold |
| 4:07 | Troll Headhunter |
| 4:50 | Endurance Aura |
| 4:54 | Troll Headhunter |
| 4:54 | Troll Headhunter |
| 4:58 | Orc Burrow |
| 5:06 | Healing Salve |
| 5:07 | Lesser Clarity Potion |
| 5:17 | Troll Headhunter |
| 5:27 | Steel Ranged Weapons |
| 6:04 | Troll Headhunter |
| 6:10 | Fortress |
| 6:20 | Troll Regeneration |
| 6:30 | Steel Armor |
| 6:42 | Healing Salve |
| 6:58 | Reinforced Defenses |
| 6:59 | Improved Spiked Barricades |
| 7:25 | Endurance Aura |
| 8:04 | Beastiary |
| 8:05 | Beastiary |
| 9:15 | Berserker Upgrade |
| 9:16 | Troll Headhunter |
| 9:16 | Troll Headhunter |
| 9:36 | Healing Wave |
| 9:39 | Scroll of Town Portal |
| 9:49 | Troll Headhunter |
| 9:53 | Liquid Fire |
| 10:06 | Troll Batrider |
| 11:17 | Troll Batrider |
| 11:20 | Thorium Ranged Weapons |
| 11:23 | Troll Berserker |
| 11:24 | Troll Berserker |
| 11:42 | Watch Tower |
| 12:07 | Scroll of Town Portal |
| 12:59 | Troll Batrider |
| 12:59 | Troll Batrider |
| 13:24 | Troll Batrider |
| 13:41 | Orc Burrow |
| 14:02 | Thorium Armor |
| 15:16 | Great Hall |
| 15:32 | War Stomp |
| Right click | 199 |
| Select | 163 |
| Build/train/purchase | 67 |
| Use ability | 17 |
| Item give/drop | 3 |
| Minimap ping | 3 |


| Scroll of Speed | 2 | 100 |
| Lesser Clarity Potion | 7 | 490 |
| Healing Salve | 1 | 100 |
| Potion of Lesser Invulnerability | 1 | 150 |
| total: | 11 | 840g |
| Peon | 14 | 1050 | / | 0 |
| Grunt | 2 | 400 | / | 0 |
| Tauren | 4 | 1120 | / | 320 |
| total: | 20 | 2570g | / | 320w |
| Watch Tower | 2 | 220 | / | 160 |
| Altar of Storms | 1 | 180 | / | 50 |
| Orc Burrow | 5 | 800 | / | 200 |
| Barracks | 1 | 180 | / | 50 |
| Voodoo Lounge | 1 | 130 | / | 30 |
| War Mill | 2 | 410 | / | 0 |
| Great Hall | 1 | 385 | / | 185 |
| Tauren Totem | 2 | 270 | / | 310 |
| Stronghold | 2 | 630 | / | 380 |
| Fortress | 3 | 975 | / | 570 |
| total: | 15 | 2575g | / | 985w |
| 0:03 | Altar of Storms |
| 0:07 | Orc Burrow |
| 0:13 | Peon |
| 0:13 | Peon |
| 0:30 | Peon |
| 1:00 | Peon |
| 1:06 | Barracks |
| 1:24 | Peon |
| 1:33 | Voodoo Lounge |
| 1:37 | Peon |
| 1:42 | Peon |
| 2:01 | Orc Burrow |
| 2:06 | Wind Walk |
| 2:21 | War Mill |
| 3:41 | Stronghold |
| 3:47 | Watch Tower |
| 4:12 | Watch Tower |
| 4:18 | Scroll of Speed |
| 4:18 | Lesser Clarity Potion |
| 4:19 | Lesser Clarity Potion |
| 4:19 | Lesser Clarity Potion |
| 4:19 | Healing Salve |
| 4:34 | Spiked Barricades |
| 4:44 | Grunt |
| 4:45 | Grunt |
| 4:53 | Steel Melee Weapons |
| 4:54 | Steel Armor |
| 6:04 | Tauren Totem |
| 6:10 | Tauren Totem |
| 6:11 | Peon |
| 6:11 | Peon |
| 6:11 | Peon |
| 6:35 | Peon |
| 7:18 | Fortress |
| 7:36 | Reinforced Defenses |
| 7:44 | Lesser Clarity Potion |
| 7:44 | Lesser Clarity Potion |
| 7:44 | Lesser Clarity Potion |
| 7:44 | Lesser Clarity Potion |
| 7:45 | Scroll of Speed |
| 8:57 | Potion of Lesser Invulnerability |
| 9:24 | Thorium Armor |
| 9:24 | Arcanite Armor |
| 9:33 | Hex |
| 9:42 | Spirit Walker Adept Training |
| 9:42 | Pulverize |
| 9:46 | Orc Burrow |
| 9:48 | Orc Burrow |
| 10:05 | War Mill |
| 10:37 | Tauren |
| 10:38 | Tauren |
| 11:16 | Critical Strike |
| 11:21 | Tauren |
| 11:22 | Tauren |
| 11:28 | Thorium Melee Weapons |
| 11:28 | Arcanite Melee Weapons |
| 11:33 | Peon |
| 11:33 | Peon |
| 11:34 | Peon |
| 12:00 | Spirit Walker Master Training |
| 12:10 | Orc Burrow |
| 13:02 | Great Hall |
| 13:40 | Healing Wave |
| 14:17 | Critical Strike |
| Right click | 1027 |
| Select | 409 |
| Build/train/purchase | 100 |
| Select group | 57 |
| Misc. action | 47 |
| Use ability | 18 |
| Assign group | 6 |
| Resource trade | 5 |
| Esc | 3 |
| Item give/drop | 1 |
| Remove unit | 1 |


| Rod of Necromancy | 1 | 150 |
| Potion of Mana | 1 | 200 |
| Scroll of Town Portal | 1 | 350 |
| total: | 3 | 700g |
| Acolyte | 2 | 150 | / | 0 |
| Ghoul | 8 | 960 | / | 0 |
| Crypt Fiend | 6 | 1290 | / | 240 |
| Gargoyle | 14 | 2450 | / | 420 |
| total: | 30 | 4850g | / | 660w |
| Spirit Tower | 1 | 145 | / | 40 |
| Ziggurat | 5 | 750 | / | 250 |
| Crypt | 2 | 400 | / | 100 |
| Graveyard | 1 | 215 | / | 0 |
| Altar of Darkness | 1 | 180 | / | 50 |
| Tomb of Relics | 1 | 130 | / | 30 |
| Halls of the Dead | 1 | 320 | / | 210 |
| total: | 10 | 1675g | / | 430w |
| 0:06 | Acolyte |
| 0:06 | Acolyte |
| 0:15 | Ziggurat |
| 0:18 | Crypt |
| 0:51 | Graveyard |
| 1:03 | Altar of Darkness |
| 1:27 | Ghoul |
| 1:28 | Ghoul |
| 1:45 | Ghoul |
| 2:21 | Ziggurat |
| 2:25 | Tomb of Relics |
| 2:30 | Ghoul |
| 2:36 | Unholy Strength |
| 3:06 | Vampiric Aura |
| 3:16 | Ghoul |
| 3:16 | Ghoul |
| 3:24 | Halls of the Dead |
| 3:53 | Ghoul |
| 4:25 | Crypt Fiend |
| 4:32 | Ziggurat |
| 4:42 | Ghoul |
| 5:20 | Sleep |
| 5:37 | Crypt Fiend |
| 5:42 | Ziggurat |
| 6:03 | Rod of Necromancy |
| 6:05 | Unholy Armor |
| 6:12 | Gargoyle |
| 6:12 | Gargoyle |
| 7:19 | Gargoyle |
| 7:19 | Gargoyle |
| 7:23 | Ziggurat |
| 7:54 | Vampiric Aura |
| 8:01 | Web |
| 8:11 | Crypt |
| 8:48 | Creature Attack |
| 9:06 | Death Coil |
| 9:26 | Crypt Fiend |
| 9:26 | Crypt Fiend |
| 9:32 | Gargoyle |
| 9:32 | Gargoyle |
| 9:56 | Improved Creature Attack |
| 10:48 | Gargoyle |
| 10:49 | Gargoyle |
| 10:49 | Crypt Fiend |
| 10:59 | Potion of Mana |
| 11:53 | Crypt Fiend |
| 12:19 | Creature Carapace |
| 13:02 | Gargoyle |
| 13:14 | Gargoyle |
| 13:14 | Gargoyle |
| 13:28 | Scroll of Town Portal |
| 14:12 | Improved Creature Carapace |
| 14:40 | Spirit Tower |
| 15:56 | Gargoyle |
| 15:56 | Gargoyle |
| 15:58 | Gargoyle |
| Right click | 427 |
| Select | 296 |
| Build/train/purchase | 53 |
| Use ability | 19 |
| Misc. action | 5 |
| Select group | 5 |
| Resource trade | 5 |
| Minimap ping | 2 |
| Assign group | 1 |
| Item give/drop | 1 |
112 units @ 13.7k
/ 1.3k
85 buildings @ 9.3k
/ 4.5k
koz
(8)
(16:22) : 

| Scroll of Regeneration | 2 | 200 |
| Lesser Clarity Potion | 1 | 70 |
| Potion of Healing | 1 | 150 |
| Scroll of Town Portal | 1 | 350 |
| Scroll of Healing | 2 | 500 |
| Potion of Lesser Invulnerability | 1 | 150 |
| Scroll of Protection | 1 | 150 |
| total: | 9 | 1570g |
| Peasant | 17 | 1275 | / | 0 |
| Footman | 6 | 810 | / | 0 |
| Spell Breaker | 5 | 1075 | / | 150 |
| Priest | 1 | 135 | / | 10 |
| Sorceress | 2 | 310 | / | 40 |
| Siege Engine | 2 | 390 | / | 120 |
| total: | 33 | 3995g | / | 320w |
| Scout Tower | 4 | 120 | / | 80 |
| Arcane Tower | 2 | 140 | / | 100 |
| Guard Tower | 1 | 70 | / | 50 |
| Farm | 10 | 800 | / | 200 |
| Altar of Kings | 1 | 180 | / | 50 |
| Barracks | 2 | 320 | / | 120 |
| Arcane Vault | 1 | 130 | / | 30 |
| Lumber Mill | 1 | 120 | / | 0 |
| Blacksmith | 1 | 140 | / | 60 |
| Town Hall | 1 | 385 | / | 205 |
| Arcane Sanctum | 2 | 300 | / | 280 |
| Workshop | 3 | 420 | / | 420 |
| Keep | 1 | 320 | / | 210 |
| Castle | 1 | 360 | / | 210 |
| total: | 26 | 2915g | / | 1445w |
| 0:01 | Peasant |
| 0:02 | Peasant |
| 0:06 | Farm |
| 0:07 | Altar of Kings |
| 0:20 | Peasant |
| 0:35 | Barracks |
| 0:39 | Peasant |
| 0:52 | Peasant |
| 0:54 | Farm |
| 1:04 | Peasant |
| 1:17 | Peasant |
| 1:30 | Farm |
| 1:34 | Peasant |
| 1:36 | Footman |
| 1:50 | Scout Tower |
| 1:56 | Footman |
| 2:09 | Peasant |
| 2:15 | Flame Strike |
| 2:19 | Footman |
| 2:28 | Arcane Tower |
| 2:29 | Peasant |
| 2:43 | Footman |
| 3:11 | Footman |
| 3:40 | Keep |
| 3:43 | Arcane Vault |
| 3:59 | Footman |
| 4:14 | Lumber Mill |
| 4:15 | Farm |
| 4:28 | Siphon Mana |
| 6:11 | Siphon Mana |
| 6:17 | Blacksmith |
| 6:19 | Arcane Sanctum |
| 6:22 | Arcane Sanctum |
| 6:33 | Town Hall |
| 6:35 | Scout Tower |
| 6:38 | Scroll of Regeneration |
| 6:49 | Farm |
| 6:50 | Peasant |
| 6:50 | Peasant |
| 7:01 | Arcane Tower |
| 7:12 | Holy Light |
| 7:37 | Farm |
| 7:40 | Peasant |
| 7:40 | Peasant |
| 7:55 | Spell Breaker |
| 8:28 | Spell Breaker |
| 8:38 | Peasant |
| 8:38 | Peasant |
| 9:15 | Devotion Aura |
| 9:21 | Priest Adept Training |
| 9:24 | Farm |
| 9:26 | Farm |
| 10:01 | Priest |
| 11:07 | Spell Breaker |
| 11:12 | Scroll of Regeneration |
| 11:13 | Lesser Clarity Potion |
| 11:17 | Sorceress |
| 11:18 | Sorceress Adept Training |
| 11:19 | Castle |
| 11:23 | Peasant |
| 11:36 | Potion of Healing |
| 11:39 | Sorceress |
| 11:45 | Barracks |
| 12:02 | Farm |
| 12:06 | Scroll of Town Portal |
| 12:31 | Iron Forged Swords |
| 12:32 | Iron Plating |
| 12:47 | Scroll of Healing |
| 12:47 | Potion of Lesser Invulnerability |
| 12:49 | Scroll of Healing |
| 12:49 | Scroll of Protection |
| 12:55 | Scout Tower |
| 12:56 | Scout Tower |
| 12:59 | Spell Breaker |
| 13:23 | Guard Tower |
| 13:25 | Improved Masonry |
| 13:36 | Spell Breaker |
| 13:42 | Sorceress Master Training |
| 13:44 | Workshop |
| 13:56 | Workshop |
| 14:11 | Workshop |
| 14:19 | Farm |
| 14:31 | Priest Master Training |
| 15:06 | Siege Engine |
| 15:54 | Flame Strike |
| 15:57 | Holy Light |
| 16:07 | Siege Engine |
| 16:07 | Barrage |
| Select group | 1211 |
| Right click | 622 |
| Select | 518 |
| Misc. action | 218 |
| Build/train/purchase | 90 |
| Chat | 55 |
| Use ability | 43 |
| Assign group | 37 |
| Resource trade | 16 |
| Item give/drop | 3 |
| Remove unit | 3 |
| Minimap ping | 1 |

| Scroll of Regeneration | 5 | 500 |
| Lesser Clarity Potion | 5 | 350 |
| Potion of Healing | 2 | 300 |
| Potion of Mana | 3 | 600 |
| Scroll of Town Portal | 3 | 1050 |
| Boots of Speed | 1 | 250 |
| Staff of Teleportation | 1 | 150 |
| total: | 20 | 3200g |
| Peasant | 23 | 1725 | / | 0 |
| Footman | 10 | 1350 | / | 0 |
| Sorceress | 5 | 775 | / | 100 |
| Rifleman | 1 | 205 | / | 30 |
| Mortar Team | 8 | 1440 | / | 560 |
| total: | 47 | 5495g | / | 690w |
| Scout Tower | 13 | 390 | / | 260 |
| Arcane Tower | 2 | 140 | / | 100 |
| Guard Tower | 5 | 350 | / | 250 |
| Altar of Kings | 1 | 180 | / | 50 |
| Barracks | 1 | 160 | / | 60 |
| Farm | 14 | 1120 | / | 280 |
| Town Hall | 2 | 770 | / | 410 |
| Arcane Vault | 1 | 130 | / | 30 |
| Lumber Mill | 1 | 120 | / | 0 |
| Blacksmith | 1 | 140 | / | 60 |
| Arcane Sanctum | 1 | 150 | / | 140 |
| Workshop | 3 | 420 | / | 420 |
| Keep | 1 | 320 | / | 210 |
| Castle | 1 | 360 | / | 210 |
| total: | 38 | 3580g | / | 1710w |
| 0:01 | Peasant |
| 0:01 | Peasant |
| 0:08 | Altar of Kings |
| 0:11 | Peasant |
| 0:19 | Barracks |
| 0:22 | Farm |
| 0:37 | Peasant |
| 0:47 | Peasant |
| 0:59 | Farm |
| 1:19 | Peasant |
| 1:20 | Footman |
| 1:33 | Peasant |
| 1:38 | Farm |
| 1:44 | Footman |
| 1:44 | Footman |
| 1:44 | Footman |
| 1:45 | Footman |
| 1:45 | Footman |
| 1:45 | Footman |
| 1:51 | Peasant |
| 1:51 | Peasant |
| 1:52 | Peasant |
| 1:52 | Peasant |
| 1:52 | Peasant |
| 1:52 | Peasant |
| 2:01 | Peasant |
| 2:09 | Peasant |
| 2:13 | Thunder Clap |
| 2:28 | Peasant |
| 2:38 | Footman |
| 2:39 | Peasant |
| 2:45 | Storm Bolt |
| 2:57 | Town Hall |
| 3:06 | Peasant |
| 3:21 | Farm |
| 3:22 | Farm |
| 3:31 | Peasant |
| 3:51 | Arcane Vault |
| 4:06 | Footman |
| 4:28 | Scroll of Regeneration |
| 4:30 | Lesser Clarity Potion |
| 4:32 | Footman |
| 4:35 | Keep |
| 4:38 | Peasant |
| 4:38 | Peasant |
| 4:46 | Lumber Mill |
| 4:50 | Peasant |
| 4:55 | Scout Tower |
| 4:59 | Thunder Clap |
| 5:27 | Scout Tower |
| 5:28 | Scout Tower |
| 5:29 | Scout Tower |
| 5:31 | Arcane Tower |
| 5:32 | Scout Tower |
| 5:33 | Scout Tower |
| 5:36 | Blacksmith |
| 6:02 | Guard Tower |
| 6:02 | Arcane Tower |
| 6:02 | Guard Tower |
| 6:05 | Peasant |
| 6:19 | Black Gunpowder |
| 6:29 | Guard Tower |
| 6:29 | Guard Tower |
| 6:57 | Arcane Sanctum |
| 6:58 | Improved Lumber Harvesting |
| 7:01 | Workshop |
| 7:04 | Scroll of Regeneration |
| 7:05 | Lesser Clarity Potion |
| 7:09 | Potion of Healing |
| 7:10 | Potion of Mana |
| 7:17 | Workshop |
| 7:35 | Workshop |
| 7:43 | Sorceress Adept Training |
| 7:53 | Farm |
| 8:16 | Sorceress |
| 8:37 | Storm Bolt |
| 8:38 | Sorceress |
| 8:38 | Rifleman |
| 8:39 | Mortar Team |
| 8:44 | Farm |
| 8:45 | Farm |
| 8:47 | Farm |
| 8:53 | Boots of Speed |
| 9:01 | Mortar Team |
| 9:15 | Mortar Team |
| 9:25 | Sorceress |
| 9:26 | Mortar Team |
| 9:38 | Mortar Team |
| 9:41 | Farm |
| 9:46 | Refined Gunpowder |
| 10:00 | Sorceress |
| 10:16 | Mortar Team |
| 10:17 | Farm |
| 10:58 | Sorceress |
| 10:58 | Mortar Team |
| 11:22 | Scroll of Regeneration |
| 11:22 | Lesser Clarity Potion |
| 11:25 | Potion of Healing |
| 11:25 | Potion of Mana |
| 11:30 | Mortar Team |
| 11:39 | Scroll of Town Portal |
| 11:44 | Flare |
| 11:46 | Farm |
| 12:00 | Castle |
| 12:18 | Staff of Teleportation |
| 12:58 | Thunder Clap |
| 13:02 | Lesser Clarity Potion |
| 13:03 | Scroll of Regeneration |
| 13:05 | Scroll of Town Portal |
| 13:28 | Improved Masonry |
| 13:38 | Magic Sentry |
| 13:42 | Farm |
| 13:43 | Farm |
| 14:27 | Imbued Gunpowder |
| 14:28 | Fragmentation Shards |
| 14:52 | Flak Cannons |
| 14:53 | Sorceress Master Training |
| 15:14 | Lesser Clarity Potion |
| 15:15 | Scroll of Regeneration |
| 15:21 | Scroll of Town Portal |
| 15:23 | Potion of Mana |
| 15:28 | Town Hall |
| 15:54 | Advanced Masonry |
| 15:58 | Scout Tower |
| 15:58 | Scout Tower |
| 15:59 | Scout Tower |
| 15:59 | Scout Tower |
| 16:00 | Scout Tower |
| 16:02 | Scout Tower |
| 16:04 | Scout Tower |
| Right click | 1017 |
| Select group | 1011 |
| Select | 772 |
| Misc. action | 190 |
| Build/train/purchase | 184 |
| Assign group | 100 |
| Use ability | 67 |
| Chat | 18 |
| Item give/drop | 17 |
| Esc | 3 |
| Minimap ping | 2 |


x2)
| Scroll of Regeneration | 1 | 100 |
| Tome of Retraining | 2 | 600 |
| total: | 3 | 700g |
| Peasant | 14 | 1050 | / | 0 |
| Footman | 5 | 675 | / | 0 |
| Rifleman | 6 | 1230 | / | 180 |
| Spell Breaker | 2 | 430 | / | 60 |
| Sorceress | 2 | 310 | / | 40 |
| Priest | 2 | 270 | / | 20 |
| Gnoll Warden | 1 | 215 | / | 20 |
| total: | 32 | 4180g | / | 320w |
| Scout Tower | 2 | 60 | / | 40 |
| Arcane Tower | 2 | 140 | / | 100 |
| Altar of Kings | 1 | 180 | / | 50 |
| Barracks | 1 | 160 | / | 60 |
| Farm | 8 | 640 | / | 160 |
| Lumber Mill | 1 | 120 | / | 0 |
| Arcane Vault | 1 | 130 | / | 30 |
| Town Hall | 2 | 770 | / | 410 |
| Blacksmith | 1 | 140 | / | 60 |
| Arcane Sanctum | 2 | 300 | / | 280 |
| Workshop | 2 | 280 | / | 280 |
| Keep | 2 | 640 | / | 420 |
| Castle | 1 | 360 | / | 210 |
| total: | 21 | 2780g | / | 1370w |
| 0:02 | Peasant |
| 0:02 | Peasant |
| 0:02 | Peasant |
| 0:06 | Altar of Kings |
| 0:19 | Barracks |
| 0:34 | Farm |
| 0:43 | Peasant |
| 0:52 | Peasant |
| 1:04 | Farm |
| 1:20 | Footman |
| 1:26 | Footman |
| 1:45 | Footman |
| 1:48 | Lumber Mill |
| 1:56 | Arcane Vault |
| 2:13 | Summon Water Elemental |
| 2:25 | Peasant |
| 2:25 | Peasant |
| 2:27 | Footman |
| 3:30 | Brilliance Aura |
| 3:35 | Peasant |
| 3:37 | Farm |
| 3:52 | Scroll of Regeneration |
| 4:09 | Town Hall |
| 4:17 | Peasant |
| 4:17 | Peasant |
| 4:18 | Footman |
| 4:33 | Farm |
| 4:38 | Farm |
| 4:41 | Blacksmith |
| 4:53 | Gnoll Warden |
| 5:20 | Keep |
| 5:41 | Farm |
| 5:57 | Summon Water Elemental |
| 6:10 | Rifleman |
| 6:11 | Rifleman |
| 6:31 | Black Gunpowder |
| 6:55 | Rifleman |
| 7:02 | Farm |
| 7:03 | Farm |
| 7:25 | Brilliance Aura |
| 7:49 | Rifleman |
| 8:16 | Long Rifles |
| 8:18 | Scout Tower |
| 8:20 | Scout Tower |
| 8:36 | Castle |
| 8:38 | Improved Lumber Harvesting |
| 8:39 | Arcane Sanctum |
| 9:28 | Rifleman |
| 9:32 | Arcane Sanctum |
| 9:34 | Arcane Tower |
| 10:18 | Rifleman |
| 10:23 | Spell Breaker |
| 10:23 | Spell Breaker |
| 10:27 | Peasant |
| 10:27 | Peasant |
| 10:27 | Peasant |
| 10:28 | Peasant |
| 10:50 | Control Magic |
| 10:52 | Magic Sentry |
| 10:53 | Priest Adept Training |
| 11:16 | Sorceress Adept Training |
| 11:16 | Sorceress |
| 11:18 | Priest |
| 11:22 | Summon Water Elemental |
| 11:25 | Flame Strike |
| 11:45 | Sorceress |
| 11:45 | Priest |
| 11:59 | Tome of Retraining |
| 11:59 | Retrain Hero |
| 12:03 | Blizzard |
| 12:03 | Blizzard |
| 12:47 | Priest Master Training |
| 13:02 | Advanced Lumber Harvesting |
| 13:02 | Improved Masonry |
| 13:04 | Refined Gunpowder |
| 13:04 | Studded Leather Armor |
| 13:05 | Iron Forged Swords |
| 13:16 | Tome of Retraining |
| 13:16 | Retrain Hero |
| 13:18 | Blizzard |
| 13:18 | Blizzard |
| 13:19 | Brilliance Aura |
| 13:40 | Workshop |
| 13:41 | Workshop |
| 14:10 | Sorceress Master Training |
| 15:34 | Banish |
| 16:04 | Town Hall |
| Right click | 772 |
| Select | 283 |
| Select group | 258 |
| Chat | 199 |
| Build/train/purchase | 108 |
| Misc. action | 53 |
| Assign group | 52 |
| Use ability | 13 |
| Resource trade | 5 |
| Item give/drop | 2 |
| Remove unit | 1 |